 Dungeon Crawl Stone Soup version 0.31-a0-365-gcf821cafb2 (webtiles) character file.

Game seed: 18141708299941630416

32 GilGalad the Covert (level 3, -1/35 HPs)
             Began as a Gnoll Delver on July 28, 2023.
             Slain by a goblin
             ... wielding a +0 club
             ... led by Robin
              (5 damage)
             ... on level 2 of the Dungeon.
             The game lasted 00:02:55 (486 turns).

GilGalad the Covert (Gnoll Delver)                   Turns: 486, Time: 00:02:55

Health: -1/35      AC:  4    Str: 13    XL:     3   Next: 25%
Magic:  0/4        EV: 13    Int:  9    God:
Gold:   74         SH:  0    Dex: 13    Spells: 3/3 levels left

rFire   . . .        j - +1 long sword (holy)
rCold   . . .        (no shield)
rNeg    . . .        b - +0 leather armour
rPois   .            (no helmet)
rElec   .            h - +0 cloak
rCorr   .            (no gloves)
SInv    .            (no boots)
Will    .....        k - amulet of guardian spirit
Stlth   ++++         (no ring)
HPRegen 0.25/turn    (no ring)
MPRegen 0.09/turn

%: guardian spirit
@: no status effects
A: fangs 1, strong nose, distributed training
a: no special abilities


You were on level 2 of the Dungeon.
You visited 1 branch of the dungeon, and saw 4 of its levels.

You collected 74 gold pieces.

Inventory:

Hand Weapons
 a - a +0 hand axe
 j - a +1 long sword of holy wrath (weapon)
Missiles
 i - 3 poisoned darts
Armour
 b - a +0 leather armour (worn)
 h - a +0 cloak (worn)
Jewellery
 k - an amulet of guardian spirit (around neck)
Wands
 g - a wand of digging (3)
Scrolls
 c - a scroll of fog
 d - a scroll of revelation
 e - a scroll of fear
 n - a scroll of blinking {unknown}
Potions
 f - 2 potions of haste
 l - 2 potions of lignification {unknown}
 m - 2 potions of resistance {unknown}
 o - a potion of mutation {unknown}


   Skills:
 + Level 6.5 Fighting
 + Level 0.7 Short Blades
 + Level 0.7 Long Blades
 + Level 4.5 Axes
 + Level 0.7 Maces & Flails
 + Level 0.7 Polearms
 + Level 0.7 Staves
 + Level 0.7 Ranged Weapons
 + Level 0.7 Throwing
 + Level 0.7 Armour
 + Level 4.5 Dodging
 + Level 9.5 Stealth
 + Level 0.7 Shields
 + Level 0.7 Unarmed Combat
 + Level 0.7 Spellcasting
 + Level 0.5 Conjurations
 + Level 0.5 Hexes
 + Level 0.5 Summonings
 + Level 0.5 Necromancy
 + Level 0.5 Translocations
 + Level 0.5 Transmutations
 + Level 0.5 Fire Magic
 + Level 0.5 Ice Magic
 + Level 0.5 Air Magic
 + Level 0.5 Earth Magic
 + Level 0.5 Poison Magic
 + Level 0.9 Invocations
 + Level 0.7 Evocations
 + Level 0.5 Shapeshifting


You had 3 spell levels left.
You didn't know any spells.
Your spell library was empty.

Dungeon Overview and Level Annotations

Branches:
Dungeon (5/15)
 Temple: D:4-7

Altars:

Annotations:
D:2 Robin


Innate Abilities, Weirdness & Mutations

You have very sharp teeth.
Your uncanny sense of smell can sniff out nearby items.
Your experience applies equally to all skills.


Message History

A goblin comes into view. It is wielding a +0 club.
Robin roars a battlecry!
The goblins go into a battle-frenzy!
The goblin hits you but does no damage.
You barely miss the goblin.
Robin roars a battlecry!
The goblin hits you with a +0 dagger.
You hear a shout!
You barely miss the goblin. Robin throws the goblin at you!
The goblin hits you with a +0 club. The goblin hits you with a +0 dagger.
You slash the goblin!
You kill the goblin!
A goblin comes into view. It is wielding a +0 dagger.
The goblin hits you but does no damage. The goblin closely misses you.
A hobgoblin comes into view.
You closely miss the goblin. The goblin closely misses you.
Things that are here:
a +0 club; a goblin corpse Robin throws the goblin at you!
The goblin misses you. The goblin attacks as you move away!
The goblin hits you with a +0 dagger.
You slash the goblin!
You kill the goblin!
The goblin unwields a +0 club.
The goblin wields a +0 sling.
The goblin shoots a sling bullet.
The sling bullet hits you.
The goblin unwields a +0 sling.
The goblin wields a +0 club.
The goblin hits you with a +0 club.
You see here a +0 dagger.
You closely miss the goblin. Your bite misses the goblin.
Robin barely misses you. The goblin barely misses you.
Robin hits you with a +0 mace.
You miss the goblin. The goblin hits you with a +0 club.
Robin throws the goblin at you!
* * * LOW HITPOINT WARNING * * *
The goblin hits you with a +0 dagger.
* * * LOW HITPOINT WARNING * * *
The goblin misses you.
You slash Robin!
Robin is heavily wounded.
The goblin closely misses you. The goblin hits you with a +0 club.
You die...

#. #. #. #.
∆ #. #.
#.#### #
#.g@g# ##
#.# ####g#
.# #.# #g#
.# #.# #)#
.# #.# ##.##
.# #.# #.?.#
.# #.#
###...### .#
#.#
#.......##
.# ##.##
#...........


You could see Robin, a hobgoblin (strong) and 2 goblins.

Vanquished Creatures
  2 adders
  A dart slug (D:2)
  2 endoplasms (D:2)
  4 goblins
  A hobgoblin (D:2)
  A ball python (D:2)
  A bat (D:3)
  A frilled lizard (D:2)
13 creatures vanquished.

Notes
Turn   | Place    | Note
-------+----------+-------------------------------------------
     0 | D:5      | Reached skill level 9 in Stealth
     0 | D:5      | GilGalad the Gnoll Delver began the quest for the Orb.
     0 | D:5      | Reached XP level 1. HP: 23/23 MP: 1/1
    15 | D:5      | Noticed a hound
   137 | D:4      | Reached XP level 2. HP: 29/29 MP: 2/2
   371 | D:2      | Reached XP level 3. HP: 35/35 MP: 3/3
   471 | D:2      | Noticed Robin
   486 | D:2      | Slain by a goblin

Illustrated notes

Levels and vault maps discovered:
D:2:      layout_loops_ring, uniq_sigmund, uniq_terence, uniq_robin
D:3:      layout_loops_ring, trog_three_pillars_becter,
          nicolae_dithmenos_through_a_glass_darkly, makhleb_altar_promises_db,
          uniq_ijyb
D:4:      layout_basic, gup_sewer_entry_pipe
D:5:      layout_cave_pods, serial_shops, shop, grunt_ministairs_5,
          minmay_splitting_lines

Skill      XL: | |
---------------+-+-----
Stealth        | |  9.5
Fighting       | |  6.5
Short Blades   | |  0.7
Long Blades    | |  0.7
Axes           | |  4.5
Maces & Flails | |  0.7
Polearms       | |  0.7
Staves         | |  0.7
Ranged Weapons | |  0.7
Throwing       | |  0.7
Armour         | |  0.7
Dodging        | |  4.5
Shields        | |  0.7
Unarmed Combat | |  0.7
Spellcasting   | |  0.7
Conjurations   | |  0.5
Hexes          | |  0.5
Summonings     | |  0.5
Necromancy     | |  0.5
Translocations | |  0.5
Transmutations | |  0.5
Fire Magic     | |  0.5
Ice Magic      | |  0.5
Air Magic      | |  0.5
Earth Magic    | |  0.5
Poison Magic   | |  0.5
Invocations    | |  0.9
Evocations     | |  0.7
Shapeshifting  | |  0.5

Action                     || total
---------------------------++-------
  Melee: Long sword        ||    33
         Bite              ||     2
   Stab: Sleeping          ||     6
 Armour: Leather armour    ||    12
  Dodge: Dodged            ||    20

Table legend: (Time is in decaauts)
 A = Elapsed time spent in this place.
 B = Non-inter-level travel time spent in this place.
 C = Inter-level travel time spent in this place.
 D = Time resting spent in this place.
 E = Time spent auto-exploring this place.
 F = Levels seen in this place.
 G = Mean time per level.
                   A        B        C        D        E       F      G
               +--------+--------+--------+--------+--------+-----+--------+
         Total |    496 |    477 |     19 |    100 |    106 |   4 |  124.0 |
       Dungeon |    496 |    477 |     19 |    100 |    106 |   4 |  124.0 |
               +--------+--------+--------+--------+--------+-----+--------+

Top non-repeatable levels by time:
     D:3: 171 daAuts
     D:2: 171 daAuts
     D:5: 130 daAuts
     D:4: 23 daAuts
